 Dungeon Crawl Stone Soup version 0.23-a0-119-ga86c9e7 (webtiles) character file.

11251 Amnesiac the Zephyrmancer (level 11, 0/68 HPs)
             Began as a Mummy Air Elementalist on Aug 24, 2018.
             Was a High Priest of Sif Muna.
             Slain by an ice beast (6 damage)
             ... in an ice cave.
             The game lasted 00:23:20 (13638 turns).

Amnesiac the Zephyrmancer (Mummy Air Elementalist) Turns: 13638, Time: 00:23:20

Health: 0/68       AC:  9    Str: 11    XL:     11   Next: 46%
Magic:  1/24       EV: 12    Int: 18    God:    Sif Muna [*****.]
Gold:   637        SH:  0    Dex: 13    Spells: 10/28 levels left

rFire    . . .     SeeInvis .   a - +5 quarterstaff "Peoweuss" {flame, rF+ rN+ MR++ Stlth-}
rCold    + . .     Gourm    .   (shield currently unavailable)
rNeg     + + +     Faith    .   e - -1 steam dragon scales (curse)
rPois    ∞         Spirit   .   f - +0 helmet
rElec    .         Reflect  .   t - +1 cloak {+Inv}
rCorr    .         Harm     .   j - +0 pair of gloves
MR       +++..                  o - +0 pair of boots
Stlth    +.........             (no amulet)
HPRegen  0.21/turn              (no ring)
MPRegen  0.19/turn              (no ring)

@: very slightly contaminated, divine energy
A: no food or potions, fire vulnerability, cold resistance 1, negative energy
resistance 3, torment resistance, unbreathing
a: Stop Divine Energy, Channel Magic, Forget Spell, Renounce Religion, Evoke
Invisibility


You were in an ice cave.
You worshipped Sif Muna.
Sif Muna was extremely pleased with you.
You were not hungry.

You visited 2 branches of the dungeon, and saw 11 of its levels.
You also visited: Bailey and Ice Cave.

You collected 637 gold pieces.

Inventory:

Hand Weapons
 a - the +5 quarterstaff "Peoweuss" (weapon) {flame, rF+ rN+ MR++ Stlth-}
   (You found it on level 8 of the Dungeon)

   It has been specially enchanted to burn those struck by it, causing extra
   injury to most foes and up to half again as much damage against particularly
   susceptible opponents.
   It protects you from fire.
   It protects you from negative energy.
   It affects your resistance to hostile enchantments.
   It makes you less stealthy.
Armour
 d - a scarf of cloud immunity
 e - cursed -1 steam dragon scales (worn)
 f - a +0 helmet (worn)
 j - a +0 pair of gloves (worn)
 o - a +0 pair of boots (worn)
 t - a +1 cloak of invisibility (worn)
 u - a +0 large shield
Wands
 k - a wand of random effects (11)
 p - a wand of iceblast (5)
 s - a wand of polymorph (36)
 v - a wand of flame (24)
Scrolls
 b - a scroll of vulnerability {!r}
 c - 2 scrolls of enchant armour {!r}
 g - 4 scrolls of teleportation {!r}
 h - a scroll of fog {!r}
 i - a scroll of blinking {!r}
 l - a scroll of magic mapping {!r}
 m - 4 scrolls of identify {!r}
 n - 2 scrolls of remove curse {!r}
 q - 3 scrolls of amnesia {!r}


   Skills:
 - Level 1.5 Dodging
 - Level 1.5 Stealth
 - Level 9.1 Spellcasting
 - Level 9.0 Conjurations
 - Level 9.2 Air Magic
 + Level 7.1 Invocations


You had 10 spell levels left.
You knew the following spells:

 Your Spells              Type           Power        Failure   Level  Hunger
a - Airstrike             Air            #####.....   1%          4    N/A
b - Deflect Missiles      Chrm/Air       ###.......   90%         6    N/A
d - Lightning Bolt        Conj/Air       #####.....   5%          5    N/A
e - Shock                 Conj/Air       ####         1%          1    N/A
z - Swiftness             Chrm/Air       ###.....     1%          2    N/A

Your spell library contained the following spells:

 Spells                   Type           Power        Failure   Level  Hunger
 Throw Frost              Conj/Ice       ###...       1%          2    N/A
 Static Discharge         Conj/Air       #####...     1%          3    N/A
 Freeze                   Ice            #...         9%          1    N/A
 Infusion                 Chrm           #...         9%          1    N/A
 Ensorcelled Hibernation  Hex/Ice        #.....       13%         2    N/A
 Throw Icicle             Conj/Ice       ###.....     14%         4    N/A
 Ozocubu's Armour         Chrm/Ice       #.......     26%         3    N/A
 Silence                  Hex/Air        ###.......   36%         5    N/A
 Cause Fear               Hex            #.........   65%         4    N/A
 Summon Ice Beast         Ice/Summ       #.......     65%         4    N/A

Dungeon Overview and Level Annotations

Branches:
Dungeon (10/15)            Temple (0/1) D:5            Lair (1/6) D:10
    Orc: D:9-12

Altars:
Ashenzari
Dithmenos
Elyvilon
Gozag
Hepliaklqana
Nemelex Xobeh
Okawaru
Sif Muna
Trog
Zin

Shops:
D:8 *   D:10 }

Annotations:
D:5 digblink IceCv 1 transporter


Innate Abilities, Weirdness & Mutations

You do not eat or drink.
Your flesh is vulnerable to fire.
You are immune to poison.
Your flesh is cold resistant. (rC+)
You are immune to negative energy. (rN+++)
You are immune to unholy pain and torment.
You can survive without breathing.


Message History

The bolt of lightning misses the white ugly thing.
The bolt of lightning misses the ice beast.
The ice beast hits you but does no damage.
Unknown command.
Okay, then.
The ice beast closely misses you.
There is a transporter here.
Casting: Lightning Bolt (safe; 5% risk of failure)
Confirm with . or Enter, or press ? or * to list all spells.
Aiming: Lightning Bolt (safe; 5% risk of failure)
Press: ? - help, Shift-Dir - straight line, p - white ugly thing
Okay, then.
Casting: Lightning Bolt (safe; 5% risk of failure)
Confirm with . or Enter, or press ? or * to list all spells.
Aiming: Lightning Bolt (safe; 5% risk of failure)
Press: ? - help, Shift-Dir - straight line, p - white ugly thing You hear a mighty clap of thunder!
The bolt of lightning hits the white ugly thing.
The white ugly thing is heavily wounded.
The bolt of lightning hits the white ugly thing.
The white ugly thing is almost dead.
The bolt of lightning hits the ice beast.
The ice beast is lightly wounded.
Casting: Lightning Bolt (safe; 5% risk of failure)
Confirm with . or Enter, or press ? or * to list all spells.
Aiming: Airstrike (safe; 1% risk of failure)
Press: ? - help, Dir - move target cursor, f - white ugly thing
Aim: a white ugly thing (almost dead)
Okay, then.
Casting: Airstrike (safe; 1% risk of failure)
Confirm with . or Enter, or press ? or * to list all spells.
Aiming: Lightning Bolt (safe; 5% risk of failure)
Press: ? - help, Shift-Dir - straight line You miscast Lightning Bolt.
You are very lightly contaminated with residual magic.
Sparks of electricity dance between your hands.
The ice beast hits you.
* * * LOW HITPOINT WARNING * * *
The ice beast freezes you. You resist.
* * * LOW HITPOINT WARNING * * *
The white ugly thing headbutts you.
* * * LOW HITPOINT WARNING * * *
The white ugly thing freezes you! You resist.
* * * LOW HITPOINT WARNING * * *
Unknown command.
Casting: Lightning Bolt (safe; 5% risk of failure)
Confirm with . or Enter, or press ? or * to list all spells.
Aiming: Lightning Bolt (safe; 5% risk of failure)
Press: ? - help, Shift-Dir - straight line You hear a mighty clap of thunder!
The bolt of lightning hits the white ugly thing.
You kill the white ugly thing!
Sif Muna accepts your kill.
Your Invocations skill increases to level 7!
The bolt of lightning hits the ice beast.
You kill the ice beast!
Sif Muna accepts your kill.
The bolt of lightning hits the ice beast.
The ice beast is heavily wounded.
The ice beast hits you but does no damage.
The ice beast hits you.
* * * LOW HITPOINT WARNING * * *
The ice beast freezes you. You resist.
You die...

###########
##...8©8...##
#...$.Y.?...#
##...@YY[....##
#.....Y[......#
#....8...8....#
#.............#
##...........##
#...........#
#.....∩.....#
##.........##
##...∩...##


You could see 4 ice beasts.

Vanquished Creatures
  4 orc knights (Bailey)
  An ugly thing (IceCv)
  Psyche (D:8)
  2 trolls
  Grinder (D:6)
  4 blink frogs
  Sigmund (D:2)
  A spriggan (D:7)
  2 centaur simulacra (D:10)
  A shadow (D:9)
  2 yaks (D:10)
  Grum (D:10)
  A basilisk (Lair:1)
  A hungry ghost (D:8)
  A water moccasin (Lair:1)
  2 porcupines
  7 phantoms
  2 black bears (D:9)
  3 ice beasts
  5 orc warriors
  A necrophage (D:9)
  2 sky beasts
  4 ogres
  4 wolves (D:10)
  6 centaurs
  A crocodile (D:8)
  A big kobold (D:10)
  9 bullfrogs
  3 scorpions
  9 wights
  2 electric eels (D:7)
  4 crimson imps
  A bullfrog zombie (D:6)
  5 jellies
  A quasit (D:7)
  5 orc priests
  6 hounds
  2 centaur skeletons (D:5)
  2 bullfrog skeletons
  2 iguanas
  5 worker ants
  5 orc wizards
  A killer bee zombie (D:6)
  2 howler monkey zombies
  4 gnolls (D:8)
  4 worker ant zombies
  11 adders
  2 shadow imps
  2 white imps (D:10)
  A worker ant simulacrum (D:10)
  An ufetubus (D:10)
  2 adder skeletons (D:6)
  3 adder zombies
  2 worms (D:2)
  4 dart slugs (D:2)
  5 leopard geckos
  35 orcs
  A ball python (D:3)
  3 giant cockroaches
  11 goblins
  3 hobgoblins
  7 jackals
  4 quokkas
  13 bats
  4 frilled lizards
  2 giant cockroach zombies
  A jackal zombie (D:5)
  13 kobolds
  2 leopard gecko skeletons
  2 quokka skeletons
  A quokka zombie (D:6)
  5 rats
274 creatures vanquished.

Vanquished Creatures (others)
  A plant (Lair:1)
1 creature vanquished.

Grand Total: 275 creatures vanquished

Notes
Turn   | Place    | Note
-------+----------+-------------------------------------------
     0 | D:1      | Amnesiac the Mummy Air Elementalist began the quest for the Orb.
     0 | D:1      | Reached XP level 1. HP: 13/13 MP: 4/4
    57 | D:2      | Reached XP level 2. HP: 12/19 MP: 1/5
    95 | D:2      | Learned a level 2 spell: Swiftness
   818 | D:2      | Reached XP level 3. HP: 17/24 MP: 3/7
   989 | D:4      | Reached XP level 4. HP: 29/30 MP: 4/9
   995 | D:4      | Learned a level 4 spell: Airstrike
  1421 | D:4      | Reached XP level 5. HP: 35/35 MP: 8/11
  1475 | D:4      | Found a hazy altar of Hepliaklqana.
  1755 | D:4      | Found an opulent altar of Gozag.
  2038 | D:5      | Entered Level 5 of the Dungeon
  2110 | D:5      | Reached XP level 6. HP: 41/41 MP: 2/13
  2176 | D:5      | Found a deep blue altar of Sif Muna.
  2181 | D:5      | Became a worshipper of Sif Muna the Loreminder
  2220 | D:5      | Reached skill level 5 in Air Magic
  2299 | D:2      | Reached skill level 5 in Spellcasting
  3039 | D:2      | Noticed Sigmund
  3661 | D:2      | Killed Sigmund
  3661 | D:2      | Reached XP level 7. HP: 32/46 MP: 0/15
  4419 | D:5      | Reached * piety under Sif Muna
  4677 | D:5      | Found a staircase to the Ecumenical Temple.
  4850 | D:5      | Found a glowing silver altar of Zin.
  4898 | D:5      | Learned a level 5 spell: Lightning Bolt
  5042 | D:6      | Reached XP level 8. HP: 35/52 MP: 0/18
  5253 | D:6      | Found an iron altar of Okawaru.
  5287 | D:6      | Reached ** piety under Sif Muna
  5396 | D:6      | Noticed Grinder
  5407 | D:6      | Paralysed by Grinder for 5 turns
  5431 | D:6      | Killed Grinder
  5575 | D:6      | Reached skill level 1 in Conjurations
  5986 | D:6      | Reached XP level 9. HP: 57/57 MP: 12/21
  6453 | D:7      | Reached *** piety under Sif Muna
  7061 | D:7      | Reached skill level 5 in Conjurations
  7485 | D:8      | Found a white marble altar of Elyvilon.
  8191 | D:8      | Found Razomeur's General Store.
  8256 | D:8      | Reached **** piety under Sif Muna
  8339 | D:8      | Noticed Psyche
  8344 | D:8      | Killed Psyche
  8387 | D:8      | Got a translucent quarterstaff
  8395 | D:8      | Identified the +5 quarterstaff "Peoweuss" {flame, rF+ rN+ MR++ Stlth-} (You found it on level 8 of the Dungeon)
  8568 | D:8      | Reached XP level 10. HP: 63/63 MP: 0/22
  8683 | D:8      | Found a sparkling altar of Nemelex Xobeh.
  8781 | D:8      | Found a shattered altar of Ashenzari.
  8994 | D:9      | Found a flagged portal.
  9003 | Bailey   | Entered a bailey
  9514 | Bailey   | Noticed an orc knight
  9527 | Bailey   | Noticed an orc knight
  9529 | Bailey   | Noticed an orc knight
  9708 | Bailey   | Killed an orc knight
 10066 | Bailey   | Killed an orc knight
 10213 | Bailey   | Noticed an orc knight
 10801 | Bailey   | Killed an orc knight
 10836 | Bailey   | Killed an orc knight
 10836 | Bailey   | Reached ***** piety under Sif Muna
 10990 | D:9      | Identified Sif Muna's Collected Works on Enchanting Protection (Sif Muna gifted it to you on level 9 of the Dungeon)
 10990 | D:9      | Received a gift from Sif Muna
 11039 | D:9      | Learned a level 6 spell: Deflect Missiles
 11178 | D:9      | Reached skill level 1 in Invocations
 11550 | D:9      | Reached XP level 11. HP: 68/68 MP: 0/24
 11728 | D:9      | Found a bloodstained altar of Trog.
 11854 | D:10     | Entered Level 10 of the Dungeon
 11910 | D:10     | Found a shadowy altar of Dithmenos.
 11920 | D:10     | Found Farefoc's Gadget Emporium.
 11920 | D:10     | Noticed Grum
 11937 | D:10     | Killed Grum
 12094 | D:10     | Found a staircase to the Lair.
 12507 | D:10     | Reached skill level 5 in Invocations
 13076 | Lair:1   | Entered Level 1 of the Lair of Beasts
 13516 | Lair:1   | Found a frozen archway.
 13617 | IceCv    | Entered an ice cave
 13617 | IceCv    | Noticed a white ugly thing
 13618 | IceCv    | Found a transporter.
 13638 | IceCv    | Killed a white ugly thing
 13638 | IceCv    | Slain by an ice beast

Vault maps used:
D:1:      lemuel_arrival_broad_hall
D:2:      wad_river_or_something, uniq_sigmund
D:3:      first_ration
D:4:      lemuel_crystal_altar, kennysheep_little_box
D:5:      zin_scriptorium, lemuel_doored_altar, minmay_temple_entry_from_below_a
D:6:      serial_undead, serial_undead_d, serial_undead_e, serial_undead_c,
          serial_undead_b, okawaru_trees_1, uniq_grinder
D:7:      nicolae_lava_and_water, the_bakery
D:8:      nicolae_overflow_crystal_walls, kennysheep_mini, marbit_many_paths,
          serial_shops, shop_statue, uniq_psyche
D:9:      trog_ov_bears_minmay, enter_bailey_2
D:10:     lair_entry_dummy, serial_shops, shop, serial_ice, serial_ice_b,
          serial_ice_g, serial_ice_o, serial_ice_k, serial_park_tiny_pond,
          nicolae_dithmenos_through_a_glass_darkly, uniq_grum
Lair:1:   portal_ice_cave_entry_pillars_1
Bailey:   bailey_polearm_1, bailey
IceCv:    ice_cave_statue_garden_transporter

Skill      XL: |  1  2  3  4  5  6  7  8  9 10 11 |
---------------+----------------------------------+-----
Air Magic      | 3 4 5 6 8 9 |  9.2
Spellcasting   | 3 4 5 6 8 9 |  9.1
Conjurations   | 3 7 9 |  9.0
Invocations    | 3 7 |  7.1
Dodging        | |  1.5
Stealth        | |  1.5

Action                   |  1- 3 |  4- 6 |  7- 9 | 10-12 || total
-------------------------+-------+-------+-------+-------++-------
Melee: Unarmed           |     6 |       |       |       ||     6
       Short sword       |       |     8 |    36 |       ||    44
       Quarterstaff      |       |       |       |    74 ||    74
 Cast: Shock             |    48 |   120 |    62 |       ||   230
       Airstrike         |       |     6 |   160 |   167 ||   333
       Swiftness         |       |       |     1 |     1 ||     2
       Lightning Bolt    |       |       |       |    32 ||    32
Invok: Divine Energy     |       |       |     1 |       ||     1
Evoke: Wand              |       |     3 |     5 |       ||     8
  Use: Scroll            |       |     5 |    10 |     3 ||    18
Armor: Robe              |    16 |     7 |    24 |       ||    47
       Steam dragon scal |       |       |     1 |    54 ||    55
Dodge: Dodged            |    29 |    33 |    70 |   125 ||   257

Table legend:
 A = Non-vault XP
 B = Vault XP
 C = Vault XP percentage of total XP
 D = Non-vault monster count
 E = Vault monster count
 F = Vault count percentage of total count
                 A         B        C        D         E       F
            +---------+---------+-------+---------+---------+-------
      Total |    8962 |    7111 |  44.2 |     211 |      63 |  23.0
            +---------+---------+-------+---------+---------+-------
        D:1 |      16 |       0 |   0.0 |      11 |       0 |   0.0
        D:2 |      69 |     265 |  79.3 |      21 |      10 |  32.3
        D:3 |     178 |       0 |   0.0 |      31 |       0 |   0.0
        D:4 |     241 |       0 |   0.0 |      14 |       0 |   0.0
        D:5 |     576 |       0 |   0.0 |      18 |       0 |   0.0
        D:6 |    1371 |     369 |  21.2 |      21 |      11 |  34.4
        D:7 |     598 |     224 |  27.3 |      12 |       1 |   7.7
        D:8 |    1204 |     568 |  32.1 |      21 |       2 |   8.7
        D:9 |    2248 |     259 |  10.3 |      34 |       2 |   5.6
       D:10 |    1621 |    1501 |  48.1 |      23 |      14 |  37.8
     Lair:1 |     840 |       0 |   0.0 |       5 |       0 |   0.0
     Bailey |       0 |    3143 | 100.0 |       0 |      20 | 100.0
      IceCv |       0 |     782 | 100.0 |       0 |       3 | 100.0
            +---------+---------+-------+---------+---------+-------
